 Dungeon Crawl Stone Soup version 0.22-a0-785-g6253c82ace (webtiles) character file.

22034 Bapho the Basher (level 12, -2/75 HPs)
             Began as a Gargoyle Berserker on July 20, 2018.
             Was a High Priest of Trog.
             Slain by a tarantella (shapeshifter) (10 damage)
             ... on level 13 of the Dungeon.
             The game lasted 00:37:35 (17392 turns).

Bapho the Basher (Gargoyle Berserker)              Turns: 17392, Time: 00:37:35

Health: -2/75      AC: 16    Str: 28    XL:     12   Next: 96%
Magic:  12/12      EV:  9    Int:  8    God:    Trog [*****.]
Gold:   660        SH:  0    Dex: 12    Spells: 11/11 levels left

rFire    . . .     SeeInvis .   M - +12 demon blade "Osyurch" {elec, +Fly rC+ Str+2 Stlth+}
rCold    + + +     Gourm    +   (no shield)
rNeg     + . .     Faith    .   K - +1 crystal plate armour {rC+}
rPois    ∞         Spirit   .   G - +0 helmet
rElec    +         Reflect  .   C - +0 cloak
rCorr    .         Harm     .   N - +0 pair of gloves {Dex+3}
MR       .....                  r - +1 pair of boots
Stlth    ..........             y - amulet of the gourmand
HPRegen  0.22/turn              m - +3 ring of evasion
MPRegen  0.13/turn              A - ring of protection from cold

@: confused, corroded, berserk cooldown, very slightly contaminated, slowed,
very slow
A: negative energy resistance 1, electricity resistance, unbreathing,
petrification resistance, rot immunity, AC +8
a: Berserk, Trog's Hand, Brothers in Arms, Renounce Religion, Evoke Flight


You were on level 13 of the Dungeon.
You worshipped Trog.
Trog was extremely pleased with you.
You were not hungry.

You visited 1 branch of the dungeon, and saw 13 of its levels.
You also visited: Sewer and Ice Cave.

You collected 660 gold pieces.

Inventory:

Hand Weapons
 a - a +5 antimagic dire flail
 b - a +1 triple crossbow of velocity
 x - a +0 mace
 z - a +1 flail
 L - a +1 morningstar
 M - the +12 demon blade "Osyurch" (weapon) {elec, +Fly rC+ Str+2 Stlth+}
   (You found it in an ice cave)

   Occasionally, upon striking a foe, it will discharge some electrical energy
   and cause terrible harm.
   It affects your strength (+2).
   It protects you from cold.
   It lets you fly.
   It makes you more stealthy.
Missiles
 f - 424 stones (quivered)
 I - 106 bolts
Armour
 r - a +1 pair of boots (worn)
 t - a +1 pair of gloves
 u - a +0 plate armour
 w - a +0 pair of boots
 C - a +0 cloak (worn)
 G - a +0 helmet (worn)
 H - a +0 animal skin
 K - a +1 crystal plate armour of cold resistance (worn)
 N - a +0 pair of gloves of dexterity (worn)
Jewellery
 m - a +3 ring of evasion (left hand)
 n - an uncursed amulet of magic regeneration
 y - an amulet of the gourmand (around neck)
 A - a ring of protection from cold (right hand)
Wands
 l - a wand of random effects (19)
 D - a wand of disintegration (27)
 E - a wand of flame (34)
 J - a wand of acid (6)
Scrolls
 h - 4 scrolls of enchant weapon
 i - 7 scrolls of teleportation
 o - a scroll of blinking
 q - 8 scrolls of identify
 s - 2 scrolls of enchant armour
 B - 2 scrolls of magic mapping
 O - a scroll of torment {unknown}
 P - a scroll of holy word {unknown}
Potions
 d - 4 potions of degeneration {unknown}
 g - 7 potions of curing
 j - 4 potions of might {unknown}
 k - 3 potions of brilliance {unknown}
 p - 2 potions of magic {unknown}
 v - a potion of resistance {unknown}
 F - 4 potions of agility
 Q - 2 potions of lignification {unknown}
Comestibles
 c - 21 rations


   Skills:
 - Level 8.7 Fighting
 * Level 6.3 Long Blades
 - Level 14.0 Maces & Flails
 - Level 11.4 Crossbows
 - Level 4.0 Armour
 - Level 3.0 Dodging


You had 11 spell levels left.
You didn't know any spells.
Your spell library contained the following spells:

 Spells                   Type           Power        Failure   Level  Hunger
 Invisibility             Hex            #.......     100%        6    #######
 Tukima's Dance           Hex            #.......     100%        3    ####...
 Confusing Touch          Hex            #.....       100%        1    ##.....
 Silence                  Hex/Air        #.........   100%        5    ######.
 Dazzling Spray           Conj/Hex       #.....       100%        3    ####...
 Discord                  Hex            #.........   100%        8    #######
 Summon Guardian Golem    Hex/Summ       #.......     100%        3    ####...


Dungeon Overview and Level Annotations

Branches:
Dungeon (13/15)            Temple (0/1) D:4            Lair (0/6) D:11
    Orc (0/2) D:9
 Vaults: D:13-14

Altars:
Ashenzari
Cheibriados
Fedhas
Gozag
Hepliaklqana
Makhleb
Nemelex Xobeh
Okawaru
Qazlal
Ru
Trog
Uskayaw
Vehumet
Wu Jian
Yredelemnul
Zin

Shops:
D:4 :


Innate Abilities, Weirdness & Mutations

You are resistant to torment.
Your stone body is resilient. (AC +8)
You are immune to poison.
You resist negative energy. (rN+)
You are resistant to electric shocks. (rElec)
You can survive without breathing.
You are immune to petrification.
You are immune to rotting.


Message History

The tarantella bites you but does no damage.
The yak gores you.
* * * LOW HITPOINT WARNING * * *
Blink to where?
Press: ? - help, Dir - move target cursor You are very lightly contaminated with residual magic.
As you read the scroll of blinking, it crumbles to dust.
The big kobold throws a stone.
The stone barely misses you.
You see here a stone.
There is a stone staircase leading up here.
The tarantella bites you.
* * * LOW HITPOINT WARNING * * *
You are confused.
The tarantella bites you but does no damage.
In your confused state, you trip and fall back down the stairs.
* * * LOW HITPOINT WARNING * * *
The tarantella barely misses you.
The tarantella bites you but does no damage.
The tarantella bites you!
You die...

#########################
#..................(.....
#.....................(([
#..................§(K.(<
#........YY.K............
#.......@s...........)...
#########################


You could see 2 yaks, a tarantella shaped shifter and a big kobold.

Vanquished Creatures
  Erolcha (D:12)
  A two-headed ogre (D:10)
  3 death yaks (D:10)
  An unseen horror (D:10)
  An ugly thing (D:11)
  A manticore (D:11)
  2 ice statues (IceCv)
  A centaur skeleton (D:13)
  2 kobold demonologists (D:13)
  11 ice devils
  4 trolls
  3 hippogriffs
  2 wyverns
  A water elemental (D:11)
  26 yaks
  Menkaure (D:5)
  A hungry ghost (D:12)
  2 acid dragons (D:12)
  A soldier ant (D:9)
  3 sky beasts
  An ice beast (D:7)
  4 orc warriors
  A black bear (D:8)
  6 ogres
  2 phantoms
  3 centaurs
  A crocodile (D:7)
  14 big kobolds
  14 bullfrogs
  A wyvern zombie (D:12)
  2 water moccasin zombies
  4 scorpions
  6 killer bees (D:12)
  9 wights
  6 electric eels (D:12)
  9 howler monkeys
  5 crimson imps
  5 bullfrog zombies
  A centaur zombie (D:10)
  3 hounds
  2 quasits (D:12)
  6 jellies
  4 orc priests
  5 orc wizards
  A bullfrog skeleton (D:12)
  3 iguanas
  5 worker ants
  2 killer bee zombies
  A hound zombie (D:10)
  A hound skeleton (D:9)
  4 worker ant zombies
  A howler monkey skeleton (D:10)
  4 gnolls (D:5)
  15 adders
  3 river rats (Sewer)
  5 shadow imps
  7 white imps (IceCv)
  9 ufetubi (IceCv)
  2 oozes (Sewer)
  An adder zombie (D:5)
  An adder skeleton (D:7)
  4 worms
  3 dart slugs
  4 leopard geckos
  42 orcs
  4 ball pythons
  6 giant cockroaches
  7 goblins
  10 hobgoblins
  5 jackals
  40 kobolds
  A quokka (D:6)
  9 bats
  4 frilled lizards
  A jackal skeleton (D:5)
  12 rats
399 creatures vanquished.

Vanquished Creatures (collateral kills)
  An ugly thing (D:12)
  A killer bee (D:12)
2 creatures vanquished.

Vanquished Creatures (others)
  A reaper (IceCv)
  3 white imps (IceCv)
4 creatures vanquished.

Grand Total: 405 creatures vanquished

Notes
Turn   | Place    | Note
-------+----------+-------------------------------------------
     0 | D:1      | Bapho the Gargoyle Berserker began the quest for the Orb.
     0 | D:1      | Reached XP level 1. HP: 14/14 MP: 1/1
   391 | D:1      | Reached XP level 2. HP: 19/19 MP: 2/2
  1100 | D:1      | Reached XP level 3. HP: 24/24 MP: 3/3
  1378 | D:1      | Reached ** piety under Trog
  1615 | D:2      | Found a hide-covered altar of Uskayaw.
  1674 | D:2      | Reached skill level 4 in Maces & Flails
  1976 | D:2      | Reached XP level 4. HP: 28/29 MP: 4/4
  2350 | D:2      | Found a stormy altar of Qazlal.
  2437 | D:2      | Found a hazy altar of Hepliaklqana.
  2472 | D:2      | Found a bloodstained altar of Trog.
  2735 | D:3      | Found a burning altar of Makhleb.
  2777 | D:3      | Reached XP level 5. HP: 34/34 MP: 5/5
  2870 | D:3      | Noticed an ogre
  2877 | D:3      | Killed an ogre
  2877 | D:3      | Reached skill level 5 in Maces & Flails
  3367 | D:3      | Found a glowing silver altar of Zin.
  3648 | D:4      | Reached XP level 6. HP: 40/40 MP: 6/6
  3781 | D:4      | Found a glowing drain.
  3795 | D:4      | Reached skill level 5 in Fighting
  3799 | Sewer    | Entered a sewer
  3951 | Sewer    | Reached skill level 6 in Maces & Flails
  3997 | Sewer    | Reached XP level 7. HP: 33/44 MP: 7/7
  4350 | Sewer    | Reached *** piety under Trog
  4422 | Sewer    | Reached skill level 7 in Maces & Flails
  4918 | D:4      | Found a staircase to the Ecumenical Temple.
  4940 | D:4      | Found Heig Mih's Book Shop.
  4994 | D:4      | Reached XP level 8. HP: 46/52 MP: 8/8
  5056 | D:4      | Reached skill level 8 in Maces & Flails
  5431 | D:5      | Entered Level 5 of the Dungeon
  5463 | D:5      | Noticed Menkaure
  5469 | D:5      | Killed Menkaure
  6119 | D:5      | Reached skill level 9 in Maces & Flails
  6820 | D:6      | Reached **** piety under Trog
  6895 | D:6      | Reached XP level 9. HP: 58/58 MP: 9/9
  6946 | D:6      | Found a blossoming altar of Fedhas.
  7213 | D:6      | Found a sacrificial altar of Ru.
  7213 | D:6      | Found a basalt altar of Yredelemnul.
  7396 | D:6      | Reached skill level 10 in Maces & Flails
  8070 | D:7      | Found an iron altar of Okawaru.
  8241 | D:7      | Reached ***** piety under Trog
  8417 | D:7      | Found a snail-covered altar of Cheibriados.
  8515 | D:8      | Reached skill level 11 in Maces & Flails
  8637 | D:8      | Found a radiant altar of Vehumet.
  8650 | D:8      | Found an ornate altar of the Wu Jian Council.
  8916 | D:8      | Reached skill level 12 in Maces & Flails
  8916 | D:8      | Reached XP level 10. HP: 55/65 MP: 10/10
  9777 | D:8      | Found a sparkling altar of Nemelex Xobeh.
 10002 | D:9      | Reached skill level 13 in Maces & Flails
 10062 | D:9      | Identified Sif Muna's Collected Works on Hexes
 10202 | D:9      | Found an opulent altar of Gozag.
 10225 | D:9      | Received a gift from Trog
 10930 | D:9      | Found a shattered altar of Ashenzari.
 11252 | D:9      | Found a staircase to the Orcish Mines.
 11321 | D:9      | Reached skill level 14 in Maces & Flails
 11371 | D:10     | Entered Level 10 of the Dungeon
 11406 | D:10     | Reached skill level 1 in Crossbows
 11584 | D:10     | Reached XP level 11. HP: 67/69 MP: 11/11
 12101 | D:10     | Killed an unseen horror
 12592 | D:10     | Noticed a two-headed ogre
 12598 | D:10     | Killed a two-headed ogre
 12598 | D:10     | Reached skill level 5 in Crossbows
 13054 | D:11     | Noticed a death yak
 13055 | D:11     | Noticed a death yak
 13056 | D:11     | Noticed a manticore
 13057 | D:11     | Noticed a death yak
 13098 | D:10     | Killed a death yak
 13145 | D:10     | Killed a death yak
 13152 | D:10     | Killed a death yak
 13357 | D:11     | Killed a manticore
 13575 | D:11     | Found a staircase to the Lair.
 14036 | D:11     | Received a gift from Trog
 14533 | D:12     | Noticed a brown ugly thing
 14559 | D:11     | Killed a brown ugly thing
 14566 | D:11     | Reached skill level 10 in Crossbows
 14653 | D:12     | Reached XP level 12. HP: 68/75 MP: 12/12
 14764 | D:12     | Received a gift from Trog
 14961 | D:12     | Found a frozen archway.
 14996 | IceCv    | Entered an ice cave
 15121 | IceCv    | Killed a reaper
 15973 | IceCv    | Identified the Collected Works on Execration
 15980 | IceCv    | Got a smoking demon blade
 16255 | IceCv    | Identified the +12 demon blade "Osyurch" {elec, +Fly rC+ Str+2 Stlth+} (You found it in an ice cave)
 16531 | D:12     | Reached skill level 1 in Long Blades
 16688 | D:12     | Noticed Erolcha
 16692 | D:12     | Killed Erolcha
 16720 | D:12     | Received a gift from Trog
 17216 | D:12     | Reached skill level 5 in Long Blades
 17356 | D:13     | Noticed a sun demon
 17356 | D:13     | Received a gift from Trog
 17383 | D:13     | HP: 3/75 [tarantella (shapeshifter) (9)]
 17392 | D:13     | Slain by a tarantella (shapeshifter)

Vault maps used:
D:1:      lightli_arrival_isolated_outpost, kennysheep_decorative_pillar,
          serial_park_tiny_2
D:2:      old_standard_altar, marbit_many_paths, lemuel_coloured_pillars_altar,
          bloody_trog, hangedman_abyss_or_decor_lesser_grid
D:3:      makhleb_heckhound_becter, zin_treasury
D:4:      minmay_temple_entry_crystal_x, cheibrodos_sewer_entry_bend,
          serial_shops, nicolae_shop_behind_doors, minmay_splitting_lines
D:5:      enter_ossuary_5, first_ration, uniq_menkaure
D:6:      overflow_temple_1_default, gammafunk_temple_overflow_statue
D:7:      cheibriados_altar_1, lemuel_round_altar
D:8:      nicolae_overflow_crystal_walls, kennysheep_little_box,
          vehumet_altar_wand_db, minmay_stone_trees_medium
D:9:      old_standard_altar, nicolae_ashenzari_panopticon, grunt_ogre_cave
D:11:     dpeg_lair_monsters
D:12:     portal_ice_cave_demonic_guard, uniq_erolcha
D:13:     basic_altar
Sewer:    sewer_co_tree
IceCv:    ice_cave_small_demon

Skill      XL: |  1  2  3  4  5  6  7  8  9 10 11 12 |
---------------+-------------------------------------+-----
Maces & Flails | 4 5 6 7 9 12 14 | 14.0
Fighting       | 4 5 6 7 8 |  8.7
Crossbows      | 2 10 11 | 11.4
Dodging        | 3 |  3.0
Armour         | 4 |  4.0
Long Blades    | 6 |  6.3

Action                   |  1- 3 |  4- 6 |  7- 9 | 10-12 || total
-------------------------+-------+-------+-------+-------++-------
Melee: Mace              |    85 |    52 |       |       ||   137
       Flail             |       |   117 |   473 |   222 ||   812
       Morningstar       |       |       |       |   298 ||   298
       Triple crossbow   |       |       |       |    22 ||    22
       Dire flail        |       |       |       |   193 ||   193
       Demon blade       |       |       |       |    80 ||    80
 Fire: Triple crossbow   |       |       |       |    65 ||    65
Throw: Stone             |    48 |    47 |   236 |   109 ||   440
Invok: Berserk           |     1 |     2 |     9 |    21 ||    33
       Trog's Hand       |       |       |       |     3 ||     3
       Brothers in Arms  |       |       |       |     1 ||     1
  Use: Scroll            |     1 |     9 |     2 |     3 ||    15
       Potion            |       |       |       |     4 ||     4
  Eat: Chunk             |     3 |    10 |    35 |    49 ||    97
       Ration            |       |       |       |     1 ||     1
Armor: Animal skin       |    23 |     1 |       |       ||    24
       Plate armour      |       |   106 |   325 |   582 ||  1013
       Crystal plate arm |       |       |       |   184 ||   184
Dodge: Dodged            |    71 |    46 |   169 |   424 ||   710
       Rpst.: Demon blade |       |       |       |    35 ||    35

Table legend:
 A = Spawn XP
 B = Non-spawn XP
 C = Spawn XP percentage of total XP
 D = Spawn monster count
 E = Non-spawn monster count
 F = Spawn count percentage of total count
 G = Total turns spent on level
                    A         B        C        D         E        F      G
               +---------+---------+-------+---------+---------+-------+---------
         Total |       0 |   31478 |   0.0 |       0 |     401 |   0.0 | 17392
               +---------+---------+-------+---------+---------+-------+---------
           D:1 |       0 |      43 |   0.0 |       0 |      24 |   0.0 |  1505
           D:2 |       0 |      51 |   0.0 |       0 |      15 |   0.0 |  1061
           D:3 |       0 |     202 |   0.0 |       0 |      20 |   0.0 |  1124
           D:4 |       0 |     333 |   0.0 |       0 |      17 |   0.0 |   883
           D:5 |       0 |     519 |   0.0 |       0 |      15 |   0.0 |  1091
           D:6 |       0 |     782 |   0.0 |       0 |      21 |   0.0 |  1020
           D:7 |       0 |    1162 |   0.0 |       0 |      34 |   0.0 |  1138
           D:8 |       0 |    1596 |   0.0 |       0 |      20 |   0.0 |  1457
           D:9 |       0 |    3236 |   0.0 |       0 |      50 |   0.0 |  1149
          D:10 |       0 |    5340 |   0.0 |       0 |      38 |   0.0 |  1849
          D:11 |       0 |    4213 |   0.0 |       0 |      20 |   0.0 |  1360
          D:12 |       0 |    6829 |   0.0 |       0 |      60 |   0.0 |  1416
          D:13 |       0 |    2388 |   0.0 |       0 |      12 |   0.0 |   101
         Sewer |       0 |     720 |   0.0 |       0 |      28 |   0.0 |   943
         IceCv |       0 |    4064 |   0.0 |       0 |      27 |   0.0 |  1295
               +---------+---------+-------+---------+---------+-------+---------
